 Dungeon Sprint DCSS version 0.28-a0-79-g444c7a33f5 (webtiles) character file.

Game seed: 3554906246107079793

587 Zeldest the Grappler (level 7, -8/39 HPs)
             Began as a Vine Stalker Transmuter on Aug 2, 2021.
             Was a Believer of Cheibriados.
             Killed by divine providence
             ... invoked by a meliai
              (11 damage)
             ... in the Dungeon (Sprint IX: "|||||||||||||||||||||||||||||").
             The game lasted 00:02:01 (151 turns).

Zeldest the Grappler (Vine Stalker Transmuter)       Turns: 151, Time: 00:02:02

Health: -8/39      AC: 12    Str: 20    XL:     7   Next: 38%
Magic:  0/12       EV: 12    Int: 18    God:    Cheibriados [**....]
Gold:   0          SH:  0    Dex: 19    Spells: 7/10 levels left

rFire   . . .      SeeInvis .     - Unarmed
rCold   . . .      Faith    .   (no shield)
rNeg    . . .      Spirit   +   i - +1 chain mail
rPois   .          Reflect  .   (no helmet)
rElec   .          Harm     .   (no cloak)
rCorr   .          Rampage  .   h - +0 pair of gloves
Will    .....      NoTele   +   (no boots)
Stlth   ..........              (no amulet)
HPRegen 1.13/turn               j - +2 ring of evasion
MPRegen 0.13/turn               k - +2 ring of protection

@: very slow
A: fangs 2, regeneration 1, magic shield, antimagic bite, no potion heal 2
a: Renounce Religion, Bend Time


You were in the Dungeon.
You worshipped Cheibriados.
Cheibriados was pleased with you.
You visited 1 branch

Inventory:

Armour
 a - a +0 robe
 h - a +0 pair of gloves (worn)
 i - a +1 chain mail (worn)
Jewellery
 j - a +2 ring of evasion (left hand)
 k - a +2 ring of protection (right hand)
Wands
 g - a wand of iceblast (1)
Scrolls
 e - 2 scrolls of amnesia
 f - a scroll of blinking
Potions
 b - 5 potions of curing
 d - 4 potions of magic


   Skills:
 + Level 5.4 Fighting
 + Level 0.0 Armour
 + Level 5.2 Dodging
 + Level 10.3 Unarmed Combat
 - Level 2.1 Spellcasting
 + Level 6.2 Transmutations
 + Level 5.8 Invocations


You had 7 spell levels left.
You knew the following spells:

 Your Spells              Type           Power      Damage    Failure   Level
a - Beastly Appendage     Tmut           48%        N/A       17%         1
b - Wereblood             Tmut           24%        N/A       26%         2

Your spell library contained the following spells:

 Spells                   Type           Power      Damage    Failure   Level
 Spider Form              Tmut/Pois      6%         N/A       88%         3
 Ice Form                 Ice/Tmut       13%        N/A       99%         4


Dungeon Overview and Level Annotations

Branches:
Dungeon (1/1)

Altars:
Cheibriados
Dithmenos
Elyvilon
Fedhas
Gozag
Hepliaklqana
Kikubaaqudgha
Makhleb
Nemelex Xobeh
Okawaru
Qazlal
Ru
Sif Muna
Trog
Uskayaw
Vehumet
Wu Jian
Xom
Yredelemnul
Zin
The Shining One
Beogh
Jiyva
Lugonu


Innate Abilities, Weirdness & Mutations

You have extremely sharp teeth.
Your natural rate of healing is unusually fast.
When hurt, damage is shared between your health and your magic reserves.
Your bite disrupts and absorbs the magic of your enemies.
Potions cannot restore your health.


Message History

A catoblepas, a manticore, a centaur, a cyclops, a tengu warrior and a meliai come into view.
The centaur shouts!
The tengu warrior shouts!
The cyclops shouts!
The catoblepas bellows!
Okay, then.
You punch the catoblepas!
You bite the catoblepas, but do no damage.
The catoblepas is lightly wounded.
The catoblepas gores you!
You punch the catoblepas! You bite the catoblepas. You drain its power.
You feel invigorated.
The catoblepas is moderately wounded.
The catoblepas misses you.
Blink to where?
Press: ? - help, Dir - move target
As you read the scroll of blinking, it crumbles to dust.
The manticore barely misses you. The manticore completely misses you.
The manticore closely misses you.
You punch the manticore!
The manticore is moderately wounded.
You hit the manticore.
The manticore is heavily wounded.
The manticore closely misses you. The manticore claws you! x2
You punch the manticore! You bite the manticore. You drain its power.
You feel invigorated.
The manticore is almost dead.
The manticore bites you!
* * * LOW HITPOINT WARNING * * *
The manticore claws you.
* * * LOW HITPOINT WARNING * * *
The manticore barely misses you.
You punch the manticore!
You kill the manticore!
Cheibriados appreciates the change of pace.
Cheibriados raises the support of your attributes as your movement slows.
The meliai invokes the aid of its god against you.
Something smites you!
* * * LOW HITPOINT WARNING * * *
The meliai mumbles some strange prayers to its god against you.
Something smites you!
You die... ▓▓▓▓▓▓▓▓▓▓▓▓▓▓▓▓▓▓ +@Qc.CYy....))'... ▓▓▓▓▓▓▓▓▓▓▓▓▓▓▓▓▓▓

You could see a catoblepas, a tengu warrior, a cyclops, a meliai and a centaur.

Vanquished Creatures
  A manticore (D)
  A yak (D)
  An orc warrior (D)
  2 centaurs (D)
  A hound (D)
  An iguana (D)
  An ufetubus (D)
  An orc (D)
  A ball python (D)
  2 hobgoblins (D)
  A ball python skeleton (D)
  A goblin (D)
  A kobold (D)
  A quokka zombie (D)
16 creatures vanquished.

Vanquished Creatures (others)
  A shadow (D)
1 creature vanquished.

Grand Total: 17 creatures vanquished

Notes
Turn   | Place    | Note
-------+----------+-------------------------------------------
     0 | D        | Zeldest the Vine Stalker Transmuter began the quest for the
                  | Orb.
     0 | D        | Reached XP level 1. HP: 9/9 MP: 4/4
    10 | D        | Reached skill level 4 in Unarmed Combat
    23 | D        | Noticed an iguana
    23 | D        | Noticed a hound
    26 | D        | Reached XP level 2. HP: 14/14 MP: 4/6
    29 | D        | Reached skill level 7 in Unarmed Combat
    29 | D        | Reached XP level 3. HP: 17/17 MP: 4/7
    33 | D        | Reached skill level 8 in Unarmed Combat
    33 | D        | Gained mutation: Your natural rate of healing is unusually
                  | fast. [Vine Stalker growth]
    33 | D        | Reached XP level 4. HP: 21/21 MP: 4/8
    37 | D        | Found a snail-covered altar of Cheibriados.
    37 | D        | Found a shadowy altar of Dithmenos.
    37 | D        | Found a white marble altar of Elyvilon.
    37 | D        | Found a blossoming altar of Fedhas.
    37 | D        | Found an opulent altar of Gozag.
    38 | D        | Found a hazy altar of Hepliaklqana.
    39 | D        | Found a viscous altar of Jiyva.
    40 | D        | Found an ancient bone altar of Kikubaaqudgha.
    41 | D        | Became a worshipper of Cheibriados the Contemplative
    42 | D        | Found a corrupted altar of Lugonu.
    43 | D        | Found a burning altar of Makhleb.
    44 | D        | Found a sparkling altar of Nemelex Xobeh.
    45 | D        | Found an iron altar of Okawaru.
    46 | D        | Found a stormy altar of Qazlal.
    47 | D        | Found a sacrificial altar of Ru.
    48 | D        | Found a shimmering blue altar of Sif Muna.
    49 | D        | Found a bloodstained altar of Trog.
    50 | D        | Found a hide-covered altar of Uskayaw.
    51 | D        | Found a radiant altar of Vehumet.
    52 | D        | Found an ornate altar of the Wu Jian Council.
    53 | D        | Found a shimmering altar of Xom.
    54 | D        | Found a basalt altar of Yredelemnul.
    55 | D        | Found a glowing silver altar of Zin.
    56 | D        | Found a glowing golden altar of the Shining One.
    98 | D        | Noticed a yak
    98 | D        | Noticed a centaur
    98 | D        | Noticed an orc warrior
    98 | D        | Noticed a centaur
    98 | D        | Noticed a shadow
   100 | D        | Killed a shadow
   101 | D        | Reached skill level 9 in Unarmed Combat
   101 | D        | Reached XP level 5. HP: 28/28 MP: 9/9
   101 | D        | Killed a centaur
   101 | D        | Reached * piety under Cheibriados
   102 | D        | Reached XP level 6. HP: 33/33 MP: 10/10
   104 | D        | Killed an orc warrior
   105 | D        | Reached skill level 5 in Transmutations
   108 | D        | Reached ** piety under Cheibriados
   109 | D        | Reached skill level 10 in Unarmed Combat
   109 | D        | Reached skill level 5 in Invocations
   109 | D        | Reached XP level 7. HP: 38/38 MP: 11/11
   121 | D        | Killed a yak
   122 | D        | Reached skill level 5 in Fighting
   122 | D        | Reached skill level 5 in Dodging
   125 | D        | Learned a level 2 spell: Wereblood
   144 | D        | Noticed a manticore
   144 | D        | Noticed a tengu warrior
   144 | D        | Noticed a cyclops
   144 | D        | Noticed a meliai
   144 | D        | Noticed a catoblepas
   151 | D        | Killed a manticore
   151 | D        | Killed from afar by a meliai

Illustrated notes

Levels and vault maps discovered:
D:        linesprint [early_d, line_temple, items_1, d_10, items_2, lair_1,
          lair_end, items_3, orc_1, orc_end, items_4, d_15, swamp_1, shoals_1,
          snake_1, spider_1, d_20, vaults_1, items_5, swamp_end, shoals_end,
          snake_end, spider_end, vaults_end, d_27, items_6, zot_1, zot_end,
          crypt_end, forest_end, elf_end, slime_end, tomb_end, abyss_end,
          pan_hell_end]

Skill      XL: |  1  2  3  4  5  6  7 |
---------------+----------------------+-----
Unarmed Combat | 4 7 8 9 10 | 10.3
Fighting       | 3 4 5 |  5.4
Dodging        | 3 4 5 |  5.2
Transmutations | 4 5 6 |  6.2
Invocations    | 3 4 5 |  5.8
Spellcasting   | |  2.1

Action                   |  1- 3 |  4- 6 |  7- 9 || total
-------------------------+-------+-------+-------++-------
Melee: Unarmed           |    15 |     4 |    12 ||    31
       Bite              |     6 |     1 |     6 ||    13
       Kick              |     4 |       |       ||     4
       Headbutt          |     2 |       |       ||     2
 Cast: Beastly Appendage |     2 |       |       ||     2
Evoke: Wand              |       |     6 |     3 ||     9
  Use: Potion            |     2 |     1 |       ||     3
       Scroll            |       |       |     1 ||     1
 Stab: Invisible         |       |     1 |     3 ||     4
Armor: Robe              |     1 |     1 |       ||     2
       Chain mail        |       |     2 |     1 ||     3
Dodge: Dodged            |     5 |     9 |     8 ||    22

Table legend: (Time is in decaauts)
 A = Elapsed time spent in this place.
 B = Non-inter-level travel time spent in this place.
 C = Inter-level travel time spent in this place.
 D = Time resting spent in this place.
 E = Time spent auto-exploring this place.
 F = Levels seen in this place.
 G = Mean time per level.
                   A        B        C        D        E       F      G
               +--------+--------+--------+--------+--------+-----+--------+
         Total |    161 |    161 |      0 |      0 |      0 |   1 |  161.0 |
       Dungeon |    161 |    161 |      0 |      0 |      0 |   1 |  161.0 |
               +--------+--------+--------+--------+--------+-----+--------+

Top non-repeatable levels by time:
       D: 161 daAuts
